 Seeded DCSS version 0.27-a0-1287-gca74d27 (webtiles) character file.

Game seed: 8841349011012505757 (custom seed)

165 Geeful the Skirmisher (level 5, 0/42 HPs)
             Began as a Barachi Brigand on June 14, 2021.
             Slain by a mummy (7 damage)
             ... on level 4 of the Dungeon.
             The game lasted 00:13:30 (3795 turns).

Geeful the Skirmisher (Barachi Brigand)             Turns: 3795, Time: 00:13:30

Health: 0/42       AC:  9    Str: 13    XL:     5   Next: 46%
Magic:  5/5        EV: 11    Int: 11    God:
Gold:   190        SH:  0    Dex: 14    Spells: 4/4 levels left

rFire    . . .     SeeInvis .   l - +1 falchion
rCold    . . .     Faith    .   (no shield)
rNeg     . . .     Spirit   .   q - +2 ring mail {rPois}
rPois    +         Reflect  .   (no helmet)
rElec    .         Harm     .   c - +1 cloak
rCorr    .         Rampage  .   (no gloves)
Will     .....                  (no boots)
Stlth    ++........             (no amulet)
HPRegen  0.14/turn              (no ring)
MPRegen  0.09/turn              (no ring)

@: mighty, slow
A: amphibious, slowness 1, strong legs 1, +LOS
a: Hop


You were on level 4 of the Dungeon.
You visited 1 branch of the dungeon, and saw 4 of its levels.
You also visited: Ossuary.

You collected 212 gold pieces.
You spent 22 gold pieces at shops.

Inventory:

Hand Weapons
 a - a +2 dagger
 l - a +1 falchion (weapon)
Missiles
 d - 15 poisoned darts (quivered)
 e - 2 curare-tipped darts
Armour
 c - a +1 cloak (worn)
 q - a +2 ring mail of poison resistance (worn)
Scrolls
 k - 2 scrolls of teleportation
 p - 3 scrolls of identify
Potions
 g - a potion of flight
 m - a potion of magic


   Skills:
 + Level 4.2 Fighting
 - Level 2.1 Short Blades
 - Level 2.0 Throwing
 + Level 3.3 Armour
 + Level 3.2 Dodging
 - Level 3.6 Stealth


You had 4 spell levels left.
You didn't know any spells.
Your spell library contained the following spells:

 Spells                   Type           Power      Damage    Failure   Level
 Animate Skeleton         Necr           0%         N/A       58%         1
 Apportation              Tloc           0%         N/A       58%         1
 Corona                   Hex            0%         N/A       58%         1
 Magic Dart               Conj           0%         1d3       58%         1
 Summon Small Mammal      Summ           0%         N/A       58%         1
 Searing Ray              Conj           0%         3d3       73%         2
 Dazzling Flash           Conj/Hex       0%         N/A       91%         3
 Fulminant Prism          Conj/Hex       0%         3d6       100%        4
 Iskenderun's Mystic Bla  Conj/Tloc      0%         2d3       100%        4


Dungeon Overview and Level Annotations

Branches:
Dungeon (4/15)            Ossuary (visited)
 Temple: D:4-7

Altars:
Ashenzari
Makhleb
Nemelex Xobeh

Shops:
D:1 ?=?[(


Innate Abilities, Weirdness & Mutations

You are amphibious.
You cover ground slowly.
You can hop short distances.
You have an extended range of vision and can be seen from far away.


Message History

You start resting.
HP restored.
The world spins around you as you enter the gateway.
You enter an ossuary!
Found a gate leading back out of this place.
There is an empty arch of ancient stone here. 6 zombies come into view.
The kobold zombie moves out of view.
The gnoll zombie moves out of view.
The kobold zombie moves out of view.
There is an empty arch of ancient stone here. 2 mummies come into view.
There is a gate leading back out of this place here.
The mummy barely misses you.
You riposte.
You slash the mummy!
The mummy is moderately damaged.
There is a gate leading back out of this place here.
You completely miss the mummy.
The mummy is moderately damaged.
The mummy hits you! x2
You are too injured to fight recklessly!
You are too injured to fight recklessly!
You are too injured to fight recklessly!
You are too injured to fight recklessly!
The mummy hits you!
* * * LOW HITPOINT WARNING * * *
Welcome back to the Dungeon!
There is a collapsed entrance here.
You feel very mighty all of a sudden. The mummy closely misses you.
You slash the mummy!
The mummy is almost destroyed.
The mummy misses you.
You slash the mummy!
You destroy the mummy!
The mummy closely misses you.
You slash the mummy!
The mummy is heavily damaged.
You barely miss the mummy.
The mummy is heavily damaged.
The mummy hits you!
You die...

..#......# #
#.#. ....#
####...##...#
...#.#.#....#
...#.#......#
###
............#
##8## ..#
#.......# #.).#
[<#
#.......###...#
.##
#....<..∩..M@.#
###
##......###...#
..# #.†....#
#...#
†#####......#
##8##
....#...#...#
###
........#...#
........#...#
............#
............#


You could see a mummy.

Vanquished Creatures
  Crazy Yiuf (D:2)
  A mummy (D:4)
  A hound skeleton (D:4)
  4 adders
  2 worms
  A dart slug (D:3)
  4 orcs (D:3)
  6 endoplasms
  A giant cockroach (D:3)
  3 hobgoblins
  14 jackals
  2 kobolds
  2 quokkas (D:2)
  3 ball pythons
  4 bats (D:1)
  2 frilled lizards (D:3)
  5 goblins
  6 rats
62 creatures vanquished.

Notes
Turn   | Place    | Note
-------+----------+-------------------------------------------
     0 | D:1      | Geeful the Barachi Brigand began the quest for the Orb.
     0 | D:1      | Reached XP level 1. HP: 17/17 MP: 1/1
    12 | D:1      | Found Xoanaana's Magic Scroll Boutique.
    52 | D:1      | Found Emab's Jewellery Emporium.
   153 | D:1      | Reached skill level 1 in Armour
   153 | D:1      | Reached XP level 2. HP: 23/23 MP: 2/2
   193 | D:1      | Found Gihameci's Antique Weapon Emporium.
   204 | D:1      | Found Poiclaoq's Antique Armour Boutique.
   266 | D:1      | Found Sacutahe's Magic Scroll Shoppe.
   283 | D:1      | Reached skill level 3 in Fighting
   521 | D:1      | Bought a scroll of identify for 22 gold pieces
   546 | D:1      | Found a faded altar of an unknown god.
   615 | D:1      | Reached XP level 3. HP: 24/29 MP: 3/3
  1811 | D:2      | Reached XP level 4. HP: 35/35 MP: 4/4
  1907 | D:2      | Found a runed translucent door.
  1908 | D:2      | Noticed Crazy Yiuf
  1920 | D:2      | Killed Crazy Yiuf
  2843 | D:3      | Found a sparkling altar of Nemelex Xobeh.
  3245 | D:3      | Reached skill level 4 in Fighting
  3245 | D:3      | Reached XP level 5. HP: 34/42 MP: 5/5
  3327 | D:3      | Found a broken altar of Ashenzari.
  3327 | D:3      | Found a burning altar of Makhleb.
  3642 | D:4      | Found a sand-covered staircase.
  3757 | Ossuary  | Entered an ossuary
  3795 | D:4      | Slain by a mummy

Illustrated notes

Levels and vault maps discovered:
D:1:      roderic_chinese_lattice_arrival, layout_loops_ring, serial_shops,
          shop, nicolae_shop_statue_plus, shop, nicolae_shop_statue_plus, shop,
          hellmonk_ecumenical_altar_slurped_away
D:2:      layout_basic, uniq_crazy_yiuf_cottage
D:3:      layout_loops_ring, gammafunk_temple_overflow_forgotten,
          kennysheep_generic_room_5
D:4:      layout_cave_pools, minmay_temple_entry_mist,
          chequers_ossuary_entry_cave

Skill      XL: |  1  2  3  4  5 |
---------------+----------------+-----
Armour         | 1 2 3 |  3.3
Fighting       | 3 4 |  4.2
Dodging        | 2 3 |  3.2
Short Blades   | |  2.1
Throwing       | |  2.0
Stealth        | |  3.6

Action                   |  1- 3 |  4- 6 || total
-------------------------+-------+-------++-------
Melee: Dagger            |   113 |    17 ||   130
       Falchion          |       |   108 ||   108
Throw: Dart              |    23 |     5 ||    28
  Use: Scroll            |     4 |     5 ||     9
       Potion            |       |     3 ||     3
 Stab: Sleeping          |     6 |       ||     6
Armor: Robe              |    32 |       ||    32
       Chain mail        |       |    56 ||    56
       Ring mail         |       |    16 ||    16
       Leather armour    |       |     2 ||     2
       Skin              |       |     1 ||     1
Dodge: Dodged            |    66 |    72 ||   138
       Rpst.: Falchion   |       |    18 ||    18

Table legend: (Time is in decaauts)
 A = Elapsed time spent in this place.
 B = Non-inter-level travel time spent in this place.
 C = Inter-level travel time spent in this place.
 D = Time resting spent in this place.
 E = Time spent auto-exploring this place.
 F = Levels seen in this place.
 G = Mean time per level.
                   A        B        C        D        E       F      G
               +--------+--------+--------+--------+--------+-----+--------+
         Total |   4187 |   4096 |     91 |    871 |   2374 |   5 |  837.4 |
       Dungeon |   4151 |   4060 |     91 |    871 |   2374 |   4 | 1037.8 |
       Ossuary |     36 |     36 |      0 |      0 |      0 |   1 |   36.0 |
               +--------+--------+--------+--------+--------+-----+--------+

Top non-repeatable levels by time:
     D:2: 1590 daAuts
     D:1: 1459 daAuts
     D:3: 938 daAuts
     D:4: 163 daAuts
 Ossuary: 36 daAuts
